 Dungeon Crawl Stone Soup version 0.29-a0-322-g68df515428 (webtiles) character file.

Game seed: 9929266363641249149

0 YayAnonymity the Slasher (level 1, -1/17 HPs)
             Began as a Draconian Gladiator on Apr 6, 2022.
             Slain by a frilled lizard (3 damage)
             ... on level 1 of the Dungeon.
             The game lasted 00:00:20 (26 turns).

YayAnonymity the Slasher (Draconian Gladiator)        Turns: 26, Time: 00:00:20

Health: -1/17      AC:  4    Str: 16    XL:     1   Next: 8%
Magic:  1/1        EV: 12    Int:  8    God:
Gold:   8          SH:  0    Dex: 12    Spells: 0/0 levels left

rFire   . . .      SeeInvis .   a - +0 long sword
rCold   . . .      Faith    .   (no shield)
rNeg    . . .      Spirit   .   (body armour unavailable)
rPois   .          Reflect  .   b - +0 hat
rElec   .          Harm     .   (no cloak)
rCorr   .          Rampage  .   (no gloves)
Will    .....                   (no boots)
Stlth   +.........              (no amulet)
HPRegen 0.05/turn               (no ring)
MPRegen 0.07/turn               (no ring)

@: no status effects
A: AC +4, unfitting armour, cold-blooded
a: no special abilities


You were on level 1 of the Dungeon.
You visited 1 branch of the dungeon, and saw 1 of its levels.

You collected 8 gold pieces.

Inventory:

Hand Weapons
 a - a +0 long sword (weapon)
Missiles
 c - 3 throwing nets (quivered)
 d - a javelin
Armour
 b - a +0 hat (worn)


   Skills:
 - Level 2.1 Fighting
 * Level 3.0 Long Blades
 - Level 1.7 Throwing
 + Level 2.7 Dodging


You couldn't memorise any spells.
You didn't know any spells.
Your spell library contained the following spells:

 Spells                   Type           Power      Damage    Failure   Level
 Apportation              Tloc           0%         N/A       41%         1
 Blink                    Tloc           0%         N/A       54%         2
 Petrify                  Tmut/Erth      0%         N/A       99%         4
 Lee's Rapid Deconstruct  Erth           0%         3d5*      100%        5
 Lehudib's Crystal Spear  Conj/Erth      0%         10d2      100%        8


Dungeon Overview and Level Annotations

Branches:
Dungeon (1/15)

Altars:


Innate Abilities, Weirdness & Mutations

Your plain brown scales are hard. (AC +4)
You cannot fit into any form of body armour.
You are cold-blooded and may be slowed by cold attacks.


Message History

You hit the kobold.
You kill the kobold!
A frilled lizard comes into view.
The frilled lizard hisses angrily.
Things that are here:
a +0 dagger; 5 stones; a kobold corpse
Found 5 gold pieces.
The endoplasm quivers.
The frilled lizard barely misses you.
You closely miss the frilled lizard.
Your tail-slap misses the frilled lizard.
The frilled lizard barely misses you.
You miss the frilled lizard. The frilled lizard misses you.
You barely miss the frilled lizard. The frilled lizard closely misses you.
The frilled lizard barely misses you.
You hit the endoplasm.
The endoplasm is moderately wounded.
The frilled lizard closely misses you. The endoplasm freezes you.
You are frozen.
You hit the endoplasm.
The endoplasm is heavily wounded.
The endoplasm hits you. The frilled lizard bites you.
You hit the endoplasm.
The endoplasm is heavily wounded.
The frilled lizard bites you. The endoplasm closely misses you.
You are too injured to fight recklessly!
You are too injured to fight recklessly!
You are too injured to fight recklessly!
You are too injured to fight recklessly!
You are too injured to fight recklessly!
You hit the endoplasm but do no damage.
The endoplasm is heavily wounded.
The frilled lizard bites you but does no damage.
The endoplasm hits you but does no damage.
The endoplasm freezes you.
You are frozen.
* * * LOW HITPOINT WARNING * * *
The frilled lizard bites you.
You die...

#.............#
#.............#
#.............#
##...........## #
#≈#.........#≈# .#
#≈≈#.......#≈≈# ..#
#######.#######...##
#...#..........
......#.#.).@l.....#
.......#..#J##......
..#.##...##... .....
. #...#...$....#....
##....$....##..#..
....###...## ## .
###. ###.# # ...


You could see an endoplasm and a frilled lizard.

Vanquished Creatures
  A kobold (D:1)
1 creature vanquished.

Notes
Turn   | Place    | Note
-------+----------+-------------------------------------------
     0 | D:1      | YayAnonymity the Draconian Gladiator began the quest for
                  | the Orb.
     0 | D:1      | Reached XP level 1. HP: 17/17 MP: 1/1
    12 | D:1      | Got Sif Muna's Handbook of the Quantum Rocks
    26 | D:1      | Slain by a frilled lizard

Illustrated notes

Levels and vault maps discovered:
D:1:      psy_arrival_dodecagon, layout_rooms, shapermc_ecumenical_altar_petra,
          dk_noncrumbling_2

Action                   || total
-------------------------++-------
Melee: Long sword        ||     9
Armor: Skin              ||     2
Dodge: Dodged            ||     8

Table legend: (Time is in decaauts)
 A = Elapsed time spent in this place.
 B = Non-inter-level travel time spent in this place.
 C = Inter-level travel time spent in this place.
 D = Time resting spent in this place.
 E = Time spent auto-exploring this place.
 F = Levels seen in this place.
 G = Mean time per level.
                   A        B        C        D        E       F      G
               +--------+--------+--------+--------+--------+-----+--------+
         Total |     27 |     27 |      0 |      0 |      9 |   1 |   27.0 |
       Dungeon |     27 |     27 |      0 |      0 |      9 |   1 |   27.0 |
               +--------+--------+--------+--------+--------+-----+--------+

Top non-repeatable levels by time:
     D:1: 27 daAuts
